 Dungeon Crawl Stone Soup version 0.27.1-1-g398f81649c (webtiles) character file.

Game seed: 6772512198044720875

31 Descartes the Sneak (level 3, -6/19 HPs)
             Began as a Spriggan Delver on Sept 18, 2021.
             Mangled by Terence (9 damage)
             ... on level 2 of the Dungeon.
             The game lasted 00:03:21 (2192 turns).

Descartes the Sneak (Spriggan Delver)               Turns: 2192, Time: 00:03:23

Health: -6/19      AC:  2    Str:  9    XL:     3   Next: 7%
Magic:  4/4        EV: 18    Int: 11    God:
Gold:   29         SH:  0    Dex: 16    Spells: 2/2 levels left

rFire    . . .     SeeInvis +   a - +0 short sword
rCold    . . .     Faith    .   (shield restricted)
rNeg     . . .     Spirit   .   b - +0 robe
rPois    .         Reflect  .   (helmet restricted)
rElec    .         Harm     .   (no cloak)
rCorr    .         Rampage  .   (gloves unavailable)
Will     .....                  (boots unavailable)
Stlth    ++++......             (no amulet)
HPRegen  0.06/turn              (no ring)
MPRegen  0.09/turn              (no ring)

@: very quick
A: very small, no large weapons, unfitting armour, see invisible, speed 3
a: no special abilities


You were on level 2 of the Dungeon.
You visited 1 branch of the dungeon, and saw 5 of its levels.

You collected 29 gold pieces.

Inventory:

Hand Weapons
 a - a +0 short sword (weapon)
Missiles
 h - 20 sling bullets
 m - 54 stones (quivered)
 n - 34 bolts
 o - 44 arrows
Armour
 b - a +0 robe (worn)
Wands
 g - a wand of digging (3)
Scrolls
 c - a scroll of fog
 d - a scroll of magic mapping
 e - 2 scrolls of fear
 i - a scroll of amnesia {unknown}
Potions
 f - 2 potions of haste
 j - a potion of lignification {unknown}
 k - a potion of brilliance {unknown}
 l - 2 potions of curing {unknown}
 p - a potion of flight {unknown}


   Skills:
 - Level 2.4 Fighting
 + Level 2.9 Short Blades
 + Level 3.5 Dodging
 + Level 7.7 Stealth


You had 2 spell levels left.
You didn't know any spells.
Your spell library contained the following spells:

 Spells                   Type           Power      Damage    Failure   Level
 Hailstorm                Conj/Ice       0%         3d3       98%         4
 Ice Form                 Ice/Tmut       0%         N/A       98%         4
 Simulacrum               Ice/Necr       0%         N/A       100%        6
 Malign Gateway           Summ/Tloc      0%         N/A       100%        7
 Summon Horrible Things   Summ           0%         N/A       100%        8


Dungeon Overview and Level Annotations

Branches:
Dungeon (5/15)
 Temple: D:4-7

Altars:

Shops:
D:1 *

Annotations:
D:2 Terence


Innate Abilities, Weirdness & Mutations

You are very small and have problems with some larger weapons.
You are too small for most types of armour.
You have supernaturally acute eyesight. (SInv)
You cover ground extremely quickly. (Speed+++)


Message History

Terence says, "Time to say good-bye..."
Terence hits you with a +0 hand axe.
You hit Terence but do no damage.
Terence is moderately wounded.
Terence misses you.
You barely miss Terence.
Terence is moderately wounded.
Terence closely misses you.
You barely miss Terence.
Terence is moderately wounded.
Terence barely misses you.
You hit Terence.
Terence is heavily wounded.
You hit Terence but do no damage.
Terence is heavily wounded.
Terence closely misses you.
You hit Terence but do no damage.
Terence is heavily wounded.
Terence misses you.
You hit Terence but do no damage.
Terence is heavily wounded.
Terence closely misses you.
You hit Terence but do no damage.
Terence is heavily wounded.
Terence completely misses you.
You hit Terence but do no damage.
Terence is heavily wounded.
Terence completely misses you.
You barely miss Terence.
Terence is heavily wounded.
Terence misses you.
You hit Terence but do no damage.
Terence is heavily wounded.
Terence hits you with a +0 hand axe!
* * * LOW HITPOINT WARNING * * *
You closely miss Terence.
Terence is heavily wounded.
Terence says, "Did you write a will?
You should..."
Terence hits you with a +0 hand axe!
You die...

###@.)......# #..........
............# #.........#
............# ########.#.##...
#....##.##.## #..........##...
<..#.##.##.# ##.######.###...
#..#....g..# #.# ####..###+#
#..#....#..# #.# #.....# #.#
#..#....#..########.# #.....###.#
#.....#.##....g@@...# #......##.#
##.#.##.#..########## #......##.#
........#.## #......##..
##.#.####.##################.####
.................................
##.#.####.######.................
...#.#..#.# #....#...........#.
####.#..#.# #................#.
#.#..#.# #......#######.....


You could see Terence and a hobgoblin.

Vanquished Creatures
  A dart slug (D:1)
  2 ball pythons (D:1)
  3 endoplasms
  6 goblins
  2 hobgoblins (D:1)
  3 kobolds
  2 quokkas (D:1)
  2 bats (D:1)
  2 frilled lizards (D:1)
  3 rats
26 creatures vanquished.

Notes
Turn   | Place    | Note
-------+----------+-------------------------------------------
     0 | D:5      | Descartes the Spriggan Delver began the quest for the Orb.
     0 | D:5      | Reached XP level 1. HP: 11/11 MP: 2/2
   561 | D:1      | Found Edoxocim's Assorted Antiques.
   581 | D:1      | Reached XP level 2. HP: 16/16 MP: 3/3
   850 | D:1      | Found a faded altar of an unknown god.
  1350 | D:2      | Noticed Terence
  1494 | D:2      | Reached XP level 3. HP: 18/19 MP: 4/4
  2192 | D:2      | Mangled by Terence

Illustrated notes

Levels and vault maps discovered:
D:1:      arrival_zaba_pyramid, layout_basic, hellmonk_ecumenical_altar_zigzags,
          serial_shops, nicolae_shop_stone
D:2:      layout_basic, uniq_terence
D:3:      layout_rooms, mainiacjoe_overflow_big_doors,
          chequers_serial_rivers_micro_e, minmay_cupped
D:4:      layout_loops_ring, minmay_temple_entry_arrows, grunt_ministairs_10
D:5:      layout_basic, small_statue_intersection, fountainhead

Skill      XL: |  1 |
---------------+----+-----
Dodging        | 3 |  3.5
Fighting       | |  2.4
Short Blades   | |  2.9
Stealth        | |  7.7

Action                   || total
-------------------------++-------
Melee: Short sword       ||   101
 Stab: Sleeping          ||    12
Armor: Robe              ||     1
Dodge: Dodged            ||    64
